 Dungeon Crawl Stone Soup version 0.21.1-1-g345015f (webtiles) character file.

84 JeffiDaFish the Skirmisher (level 4, -1/40 HPs)
             Began as a Draconian Chaos Knight on Feb 21, 2018.
             Killed from afar by an orc wizard (13 damage)
             ... with a puff of frost
             ... on level 3 of the Dungeon.
             The game lasted 00:03:52 (1532 turns).

JeffiDaFish the Skirmisher (Draconian Chaos Knight) Turns: 1532, Time: 00:03:53

Health: -1/40      AC:  5    Str: 15    XL:     4   Next: 23%
Magic:  13/13      EV: 12    Int: 13    God:    Xom [...*..]
Gold:   74         SH:  0    Dex: 10    Spells: 3/3 levels left

rFire    . . .     SeeInvis .   a - +0 falchion (chaos)
rCold    . . .     Gourm    .   (no shield)
rNeg     . . .     Faith    .   (armour unavailable)
rPois    .         Spirit   .   (helmet restricted)
rElec    .         Reflect  .   (no cloak)
rCorr    .         Harm     .   (no gloves)
MR       .....                  (no boots)
Stlth    +.........             (no amulet)
HPRegen  0.13/turn              j - ring of magical power
MPRegen  0.13/turn              (no ring)

@: no status effects
A: unfitting armour, cold-blooded, AC +5
a: Renounce Religion


You were on level 3 of the Dungeon.
You worshipped Xom.
You were a favourite toy of Xom.
You were not hungry.

You visited 1 branch of the dungeon, and saw 3 of its levels.

You collected 74 gold pieces.

Inventory:

Hand Weapons
 a - a +0 falchion of chaos (weapon)
Jewellery
 j - a ring of magical power (left hand)
Scrolls
 h - 2 scrolls of fog
 i - a scroll of identify
 k - a scroll of teleportation
Potions
 c - a potion of curing
 e - a potion of haste
 f - a potion of agility
 g - 2 potions of heal wounds
Comestibles
 b - 10 rations
 d - 7 chunks of flesh


   Skills:
 * Level 4.1 Fighting
 * Level 4.0 Long Blades
 + Level 2.8 Dodging
 - Level 0.1 Stealth


You had 3 spell levels left.
You didn't know any spells.

Dungeon Overview and Level Annotations

Branches:
Dungeon (3/15)

Altars:
Xom


Innate Abilities, Weirdness & Mutations

Your plain brown scales are hard. (AC +5)
You cannot fit into any form of body armour.
You are cold-blooded and may be slowed by cold attacks.


Message History

You are too injured to fight recklessly!
You are too injured to fight recklessly!
You are too injured to fight recklessly!
You are too injured to fight recklessly!
You are too injured to fight recklessly!
You are too injured to fight recklessly!
You are too injured to fight recklessly!
You hit the orc priest.
The orc priest is poisoned.
The orc priest is heavily wounded.
The goblin hits you but does no damage.
The orc wizard points at you and mumbles some strange words.
The puff of flame hits you!
You hit the orc but do no damage. Lightning courses through the orc!
You kill the orc!
The goblin hits you with a dagger.
* * * LOW HITPOINT WARNING * * *
The orc wizard points at you and mumbles some strange words.
The puff of frost hits you!
You die...
Xom howls with laughter!

..(...#..
.........##.
...........
..........# #
...o......# #.#
..........#...#
.....o.?.<..#.#
......)o......#
.....oo@..#..##
.....og.#.#..#
...............
#####+###.#..###
#....# #.#### ..


You could see an orc priest, 2 orc wizards, 3 orcs and a goblin.

Vanquished Creatures
  2 adders (D:2)
  An ooze (D:2)
  A worm (D:2)
  2 dart slugs
  5 orcs
  A giant cockroach (D:1)
  8 goblins
  8 hobgoblins
  2 jackals (D:1)
  3 quokkas (D:2)
  A bat (D:1)
  4 frilled lizards
  5 kobolds
  5 rats
48 creatures vanquished.

Notes
Turn   | Place    | Note
-------+----------+-------------------------------------------
     0 | D:1      | JeffiDaFish the Draconian Chaos Knight began the quest for the Orb.
     0 | D:1      | Reached XP level 1. HP: 19/19 MP: 1/1
   234 | D:1      | Reached XP level 2. HP: 23/26 MP: 2/2
   423 | D:1      | XOM: cloud trail
   521 | D:1      | XOM: mild Erth miscast
   718 | D:2      | XOM: divination: detect items
   718 | D:2      | Reached XP level 3. HP: 20/33 MP: 3/3
   791 | D:2      | XOM: smoke on damage
  1304 | D:2      | XOM: god gift: 31 bolts
  1345 | D:2      | XOM: scenery: create altars
  1362 | D:2      | XOM: divination: detect items
  1396 | D:2      | Reached XP level 4. HP: 37/40 MP: 4/4
  1424 | D:2      | XOM: god gift: 21 stones
  1532 | D:3      | Killed from afar by an orc wizard

Skill      XL: |  1  2  3  4 |
---------------+-------------+-----
Fighting       | 4 |  4.1
Long Blades    | 4 |  4.0
Dodging        | |  2.8
Stealth        | |  0.1

Action                   |  1- 3 |  4- 6 || total
-------------------------+-------+-------++-------
Melee: Falchion          |   131 |    25 ||   156
       Tailslap          |    13 |       ||    13
  Use: Potion            |     5 |     1 ||     6
       Scroll            |     6 |     1 ||     7
 Stab: Confused          |     2 |       ||     2
       Sleeping          |     1 |       ||     1
  Eat: Chunk             |     2 |       ||     2
Armor: Skin              |    33 |     5 ||    38
Dodge: Dodged            |    62 |     3 ||    65
       Rpst.: Falchion   |    18 |       ||    18
